 Dungeon Crawl Stone Soup version 0.29.1-4-g47bece8355 (webtiles) character file.

Game seed: 17773040467031810490

746 Anriel the Cudgeller (level 7, -6/44 HPs)
             Began as a Gargoyle Fighter on Dec 2, 2022.
             Was a Believer of Okawaru.
             Killed from afar by Dowan (39 damage)
             ... with a shard of ice
             ... on level 5 of the Dungeon.
             The game lasted 00:21:05 (3711 turns).

Anriel the Cudgeller (Gargoyle Fighter)             Turns: 3711, Time: 00:21:06

Health: -6/44      AC: 14    Str: 22    XL:     7   Next: 77%
Magic:  9/9        EV:  7    Int:  8    God:    Okawaru [**....]
Gold:   241        SH:  5    Dex:  9    Spells: 6/6 levels left

rFire   . . .      SeeInvis .   e - +2 flail (vorpal)
rCold   . . .      Faith    .   c - +1 buckler
rNeg    + . .      Spirit   .   h - +0 chain mail
rPois   ∞          Reflect  .   (no helmet)
rElec   +          Harm     .   (no cloak)
rCorr   .          Rampage  .   (no gloves)
Will    .....                   (no boots)
Stlth   ..........              (no amulet)
HPRegen 0.14/turn               (no ring)
MPRegen 0.11/turn               (no ring)

@: no status effects
A: sickness immunity, AC +4, negative energy resistance 1, electricity
resistance, torment resistance 1, petrification resistance
a: Renounce Religion, Heroism


You were on level 5 of the Dungeon.
You worshipped Okawaru.
Okawaru was pleased with you.
You visited 1 branch of the dungeon, and saw 5 of its levels.
You also visited: Sewer.

You collected 241 gold pieces.

Inventory:

Hand Weapons
 e - a +2 vorpal flail (weapon)
Armour
 c - a +1 buckler (worn)
 h - a +0 chain mail (worn)
Wands
 b - a wand of flame (16)
Scrolls
 j - a scroll of enchant weapon
 n - a scroll of enchant armour
Potions
 a - a potion of attraction {unknown}
 d - a potion of brilliance
 f - 3 potions of mutation {unknown}
 g - 3 potions of curing
 k - 3 potions of invisibility
 m - 3 potions of haste {unknown}


   Skills:
 + Level 4.6 Fighting
 + Level 5.7 Maces & Flails
 * Level 5.2 Armour
 + Level 1.0 Dodging
 + Level 4.1 Shields
 * Level 2.8 Invocations


You had 6 spell levels left.
You didn't know any spells.
Your spell library contained the following spells:

 Spells                   Type           Power      Damage    Failure   Level
 Sandblast                Erth           0%         2d4       99%         1
 Passwall                 Tmut/Erth      0%         N/A       100%        2
 Poisonous Vapours        Pois/Air       0%         N/A       100%        2
 Stone Arrow              Conj/Erth      0%         3d7       100%        3
 Corpse Rot               Necr/Pois/Air  0%         N/A       100%        4
 Orb of Destruction       Conj           0%         9d5       100%        7
 Summon Small Mammal      Summ           Unusable   N/A       N/A         1
 Call Canine Familiar     Summ           Unusable   N/A       N/A         3
 Summon Guardian Golem    Hex/Summ       Unusable   N/A       N/A         3
 Spellforged Servitor     Conj/Summ      Unusable   N/A       N/A         7

Dungeon Overview and Level Annotations

Branches:
Dungeon (5/15)              Sewer (visited)
 Temple: D:4-7

Altars:
Ashenzari
Elyvilon
Okawaru
Trog

Shops:
D:4 [

Annotations:
D:5 Dowan


Innate Abilities, Weirdness & Mutations

You are immune to sickness and miasma.
Your stone body is resilient. (AC +4)
You are immune to poison.
You resist negative energy. (rN+)
You are resistant to electric shocks. (rElec)
You are resistant to unholy torment.
You are immune to petrification.


Message History

Duvessa seems to grow stronger.
You block the orc's attack.
You barely miss the orc. The orc hits you but does no damage. x2
You hit the orc but do no damage. The orc hits you but does no damage.
The orc closely misses you.
You barely miss the orc. The orc hits you but does no damage. x2
Dowan, Brother of Duvessa comes into view.
He is wielding a +0 dagger.
You hit the orc.
The orc is heavily wounded.
The orc hits you with a +0 dagger. The orc barely misses you.
You thump the orc!
You kill the orc!
Okawaru accepts your kill. The orc hits you but does no damage.
You sock the orc!
You kill the orc!
Okawaru accepts your kill.
You hit Duvessa.
Duvessa is lightly wounded.
Duvessa completely misses you.
You sock Duvessa!
Duvessa is heavily wounded.
Duvessa hits you with a +0 short sword!
You hit Duvessa but do no damage.
Duvessa is heavily wounded.
You block Duvessa's attack. Dowan gestures at you while chanting.
The puff of flame hits you but does no damage.
You sock Duvessa!
Duvessa is almost dead.
Duvessa hits you but does no damage.
Dowan drinks a potion.
Dowan's spells are empowered!
You hit Duvessa.
You kill Duvessa!
Okawaru accepts your kill.
Dowan screams, "No!
No!"
Dowan seems to find hidden reserves of power!
Dowan gestures at you while chanting. The shard of ice hits you!!!
Ouch! That really hurt!
You die...

...................#
############.......# #
#.......# ######
#.......# .....#
#.......# ####.#
#.......# ...#.#
#.......# ##.#.#
#.###+#.#
##.#.#######.###@#.#.#.
..:.............)).e....
####.#######.###.#.#.#.#
...........#.# #.#.#
###.######.#.# #.# # #.#
#.#.# #.# #.######.#.#
#.# #........#.# #.#
##########.# .#


You could see Dowan (fast, empowered).

Vanquished Creatures
  Duvessa (D:5)
  A black bear (D:5)
  2 scorpions (D:5)
  2 hounds (D:5)
  A jelly (D:4)
  An orc priest (D:5)
  Terence (D:2)
  A hell rat (Sewer)
  3 orc wizards
  4 gnolls
  9 adders
  2 river rats (Sewer)
  An ufetubus (D:5)
  5 worms
  4 dart slugs
  19 orcs
  8 ball pythons
  4 bats
  8 endoplasms
  7 giant cockroaches
  9 goblins
  4 hobgoblins
  6 jackals
  4 kobolds
  3 quokkas
  3 frilled lizards
  23 rats
136 creatures vanquished.

Notes
Turn   | Place    | Note
-------+----------+-------------------------------------------
     0 | D:1      | Anriel the Gargoyle Fighter began the quest for the Orb.
     0 | D:1      | Reached XP level 1. HP: 14/14 MP: 1/1
   333 | D:1      | Reached XP level 2. HP: 13/19 MP: 2/2
   645 | D:1      | Reached XP level 3. HP: 22/23 MP: 3/3
   940 | D:2      | Found an iron altar of Okawaru.
   945 | D:2      | Became a worshipper of Warmaster Okawaru
   999 | D:2      | Found a faded altar of an unknown god.
  1184 | D:2      | Noticed Terence
  1233 | D:3      | Found a glowing drain.
  1273 | Sewer    | Entered a sewer
  1279 | Sewer    | Reached XP level 4. HP: 27/28 MP: 4/4
  1505 | D:3      | Reached skill level 1 in Invocations
  1579 | D:3      | Reached XP level 5. HP: 32/32 MP: 5/5
  2053 | D:3      | Found a bloodstained altar of Trog.
  2067 | D:3      | Found a white marble altar of Elyvilon.
  2258 | D:2      | Killed Terence
  2311 | D:2      | Reached XP level 6. HP: 35/38 MP: 7/7
  2700 | D:4      | Reached * piety under Okawaru
  2920 | D:4      | Found a broken altar of Ashenzari.
  3011 | D:4      | Found Uxapelip's Antique Armour Boutique.
  3277 | D:5      | Entered Level 5 of the Dungeon
  3450 | D:5      | Noticed a black bear
  3472 | D:5      | Killed a black bear
  3473 | D:5      | Reached skill level 5 in Maces & Flails
  3473 | D:5      | Reached XP level 7. HP: 43/44 MP: 8/8
  3537 | D:5      | Reached skill level 5 in Armour
  3545 | D:5      | Reached ** piety under Okawaru
  3546 | D:5      | Reached skill level 1 in Dodging
  3696 | D:5      | Noticed Duvessa
  3703 | D:5      | Noticed Dowan
  3711 | D:5      | Killed Duvessa
  3711 | D:5      | Killed from afar by Dowan

Illustrated notes

Levels and vault maps discovered:
D:1:      nagdon_arrival_zigzag_paths, layout_rooms, minmay_pentomino_p4
D:2:      layout_loops_ring, basic_altar, basic_ecumenical_altar, uniq_terence
D:3:      minmay_evil_eye, layout_loops_ring, mainiacjoe_overflow_swirl,
          cheibrodos_sewer_entry_drain, hangedman_decor_riveting,
          kennysheep_pointless_box
D:4:      layout_cave_pools, evilmike_ruin_ashenzari, serial_shops, shop,
          grunt_decor_clamped
D:5:      layout_basic, chequers_serial_rivers_micro_d, uniq_duvessa

Skill      XL: |  1  2  3  4  5  6  7 |
---------------+----------------------+-----
Maces & Flails | 3 5 |  5.7
Armour         | 4 5 |  5.2
Invocations    | 1 2 |  2.8
Fighting       | 4 |  4.6
Shields        | 4 |  4.1
Dodging        | 1 |  1.0

Action                   |  1- 3 |  4- 6 |  7- 9 || total
-------------------------+-------+-------+-------++-------
Melee: Flail             |   164 |   208 |    50 ||   422
  Use: Scroll            |     4 |     6 |       ||    10
       Potion            |       |     4 |     2 ||     6
Armor: Scale mail        |    79 |    15 |       ||    94
       Chain mail        |       |    94 |    38 ||   132
Dodge: Dodged            |    85 |    72 |    19 ||   176
Block: Buckler           |    35 |    36 |     6 ||    77
